 Dungeon Crawl Stone Soup version 0.29-a0-334-gb41bcbb86e (webtiles) character file.

Game seed: 9356313048711684341

10607 rageheart7 the Spear-Bearer (level 11, -4/100 HPs)
             Began as a Merfolk Monk on Apr 16, 2022.
             Was an Initiate of Yredelemnul.
             Slain by a boulder beetle (22 damage)
             ... on level 11 of the Dungeon.
             The game lasted 00:14:14 (9965 turns).

rageheart7 the Spear-Bearer (Merfolk Monk)          Turns: 9965, Time: 00:14:14

Health: -4/100     AC:  5    Str: 24    XL:     11   Next: 64%
Magic:  11/11      EV: 20    Int: 10    God:    Yredelemnul [......]
Gold:   654        SH:  0    Dex: 20    Spells: 10/10 levels left

rFire   + . .      SeeInvis .   F - +10 lajatang of Reinforcement {vorpal, rCorr Str+2 Dex+4}
rCold   . . .      Faith    .   (shield currently unavailable)
rNeg    . . .      Spirit   .   m - +0 troll leather armour
rPois   .          Reflect  .   (no helmet)
rElec   .          Harm     .   i - scarf {repulsion}
rCorr   +          Rampage  .   o - +0 pair of gloves
Will    .....      Clarity  +   (no boots)
Stlth   ++........              (no amulet)
HPRegen 1.06/turn               e - +4 ring of evasion
MPRegen 0.12/turn               p - +6 ring of strength

@: repel missiles
A: (nimble swimmer 2), mertail, clarity, fire resistance 1
a: Renounce Religion, Recall Undead Harvest


You were on level 11 of the Dungeon.
You worshipped Yredelemnul.
Yredelemnul was noncommittal.
You visited 2 branches of the dungeon, and saw 12 of its levels.
You also visited: Sewer.

You collected 654 gold pieces.

Inventory:

Hand Weapons
 r - a +0 trident of venom
 F - the +10 lajatang of Reinforcement (weapon) {vorpal, rCorr Str+2 Dex+4}
   (You found it on level 10 of the Dungeon)

   It inflicts extra damage upon your enemies.
   Str:       It affects your strength (+2).
   Dex:       It affects your dexterity (+4).
   rCorr:     It protects you from acid and corrosion.
Missiles
 c - 5 throwing nets (quivered)
Armour
 i - a scarf of repulsion (worn)
 m - a +0 troll leather armour (worn)
 o - a +0 pair of gloves (worn)
 x - the +0 ring mail of the Lute {+Blink rF- Will+ rCorr}
   (You found it on level 10 of the Dungeon)

   rF:        It makes you vulnerable to fire.
   +Blink:    It lets you blink.
   rCorr:     It protects you from acid and corrosion.
   Will:      It increases your willpower.
 A - the +2 robe of Indestructible Beauty {Harm rF- Slay+5 SInv}
   (You found it on level 9 of the Dungeon)

   Slay:      It affects your accuracy & damage with ranged weapons and melee
   (+5).
   rF:        It makes you vulnerable to fire.
   SInv:      It lets you see invisible.
   Harm:      It increases damage dealt and taken.
Jewellery
 e - a +4 ring of evasion (left hand)
 j - a ring of poison resistance
 p - a +6 ring of strength (right hand)
 u - a ring of ice
Wands
 a - a wand of charming (18)
 n - a wand of acid (10)
 t - a wand of flame (35)
 y - a wand of iceblast (8)
 E - a wand of mindburst (6)
Scrolls
 b - 6 scrolls of teleportation
 g - a scroll of blinking
 l - 3 scrolls of enchant armour
 q - 2 scrolls of brand weapon
 s - a scroll of fear
 w - a scroll of magic mapping
 z - a scroll of identify
Potions
 d - 2 potions of cancellation
 f - 7 potions of curing
 h - 8 potions of flight
 k - 2 potions of resistance
 v - a potion of attraction
 B - a potion of lignification {unknown}
 C - a potion of ambrosia
 D - a potion of invisibility {unknown}


   Skills:
 * Level 14.2 Fighting
 - Level 14.9 Polearms
 + Level 3.0 Armour
 + Level 6.9 Dodging
 - Level 2.1 Stealth


You had 10 spell levels left.
You didn't know any spells.
Your spell library contained the following spells:

 Spells                   Type           Power      Damage    Failure   Level
 Apportation              Tloc           0%         N/A       41%         1
 Slow                     Hex            0%         N/A       41%         1
 Scorch                   Fire           0%         2d5       54%         2
 Confusing Touch          Hex            0%         N/A       78%         3
 Ignite Poison            Fire/Tmut/Pois 0%         N/A       78%         3
 Mephitic Cloud           Conj/Pois/Air  0%         N/A       78%         3
 Summon Guardian Golem    Hex/Summ       0%         N/A       78%         3
 Vampiric Draining        Necr           0%         2d6       78%         3
 Flame Wave               Conj/Fire      0%         2d4       99%         4
 Alistair's Intoxication  Tmut/Pois      0%         N/A       100%        5
 Freezing Cloud           Conj/Ice/Air   0%         6-21      100%        5
 Iskenderun's Battlesphe  Conj           0%         2d6       100%        5
 Iron Shot                Conj/Erth      0%         9d1       100%        6
 Summon Cactus Giant      Summ           0%         N/A       100%        6
 Orb of Destruction       Conj           0%         9d5       100%        7
 Spellforged Servitor     Conj/Summ      0%         N/A       100%        7


Dungeon Overview and Level Annotations

Branches:
Dungeon (11/15)            Temple (1/1) D:7             Orc (0/2) D:10
  Sewer (visited)
   Lair: D:8-11

Altars:
Ashenzari
Cheibriados
Dithmenos
Elyvilon
Fedhas
Gozag
Hepliaklqana
Kikubaaqudgha
Makhleb
Nemelex Xobeh
Okawaru
Qazlal
Ru
Sif Muna
Trog
Uskayaw
Vehumet
Wu Jian
Xom
Yredelemnul
Zin
The Shining One
Beogh

Annotations:
D:3 2 runed translucent doors, zishaf's ghost, amateur VSBr


Innate Abilities, Weirdness & Mutations

((You are very nimble when in or above water. (Stealth+, EV+, Speed+++)))
Your lower body shifts to a powerful aquatic tail in water.
You possess an exceptional clarity of mind.
Your flesh is heat resistant. (rF+)


Message History

The boulder beetle is moderately wounded.
Something hits you.
Deactivating autopickup; reactivate with Ctrl-A.
The boulder beetle bites you!
You hit the boulder beetle but do no damage.
The boulder beetle is moderately wounded.
Something hits you! The boulder beetle bites you!
You slash the boulder beetle!
The boulder beetle is heavily wounded.
Something hits you.
The boulder beetle leaps!
Something hits you!
You are too injured to fight recklessly!
Something hits you! Something barely misses you.
The boulder beetle curls into a ball and begins rolling!
Something hits you!
You see here a book of Touch.
Something hits you. Something completely misses you.
The boulder beetle stops rolling and uncurls.
Something hits you but does no damage. Something misses you.
You see here a +0 battleaxe of venom.
You miss something. Something completely misses you.
The boulder beetle barely misses you.
You hit the boulder beetle but do no damage.
The boulder beetle is moderately wounded.
The boulder beetle completely misses you.
You hit the boulder beetle.
The boulder beetle is moderately wounded.
The boulder beetle closely misses you.
You completely miss the boulder beetle.
The boulder beetle is moderately wounded.
The boulder beetle bites you!!
* * * LOW HITPOINT WARNING * * *
You hit the boulder beetle.
The boulder beetle is heavily wounded.
The boulder beetle closely misses you.
You slash the boulder beetle!
The boulder beetle is severely wounded.
The boulder beetle bites you!!
You die...
Your body rises from the dead as a mindless zombie.

#.........##...
#.........#....
#..............
#..............
#..............
#..............
#..............
###########..............
.......)@B.......####....
.#########.#####.# ##...
#.# #:# ..#.# ####
#...#B#..## # #
#...°.....# # ###○...####
# ....#.... #.#°..#....)#
##..#...###


You could see a boulder beetle.

Vanquished Creatures
  Erolcha (D:9)
  A two-headed ogre (D:10)
  Pikel (D:7)
  A gargoyle (D:9)
  A kobold demonologist (D:10)
  16 yaks
  A shadow (D:6)
  A vampire (D:9)
  2 wraiths
  2 wyverns (D:9)
  4 steam dragons
  9 orc warriors
  A sky beast (D:8)
  2 black bears (D:6)
  An ice beast (D:5)
  3 ogres
  A centaur (D:6)
  A lemure (D:7)
  A phantom (D:5)
  A kobold brigand (D:6)
  2 bullfrogs
  8 wights
  7 howler monkeys
  A bullfrog zombie (D:9)
  A crimson imp (D:4)
  2 gnoll shamans
  A jelly (D:7)
  4 orc priests (D:10)
  4 iguanas
  7 orc wizards
  A merfolk avatar (Sewer)
  A merfolk siren (Sewer)
  10 gnolls
  5 adders
  A river rat (Sewer)
  A shadow imp (D:5)
  6 white imps
  A worm (D:3)
  4 dart slugs
  29 orcs
  14 ball pythons
  4 bats
  6 endoplasms
  4 giant cockroaches
  5 goblins
  9 hobgoblins
  4 jackals (D:1)
  9 quokkas
  9 frilled lizards
  7 kobolds
  35 rats
253 creatures vanquished.

Vanquished Creatures (collateral kills)
  A two-headed ogre (D:10)
  5 yaks
  A howler monkey (D:10)
  6 orcs (D:10)
13 creatures vanquished.

Vanquished Creatures (others)
  5 yak zombies
  A howler monkey zombie (D:9)
  A spectral white imp (D:8)
  12 orc zombies
19 creatures vanquished.

Grand Total: 285 creatures vanquished

Notes
Turn   | Place    | Note
-------+----------+-------------------------------------------
     0 | D:1      | rageheart7 the Merfolk Monk began the quest for the Orb.
     0 | D:1      | Reached XP level 1. HP: 18/18 MP: 1/1
    51 | D:1      | Reached XP level 2. HP: 23/24 MP: 2/2
   390 | D:1      | Found a faded altar of an unknown god.
   395 | D:1      | Reached XP level 3. HP: 29/30 MP: 3/3
   902 | D:2      | Reached skill level 5 in Polearms
  1449 | D:2      | Reached XP level 4. HP: 38/38 MP: 4/4
  1617 | D:3      | Found a runed translucent door.
  1619 | D:3      | Noticed zishaf's ghost (amateur VSBr)
  1667 | D:3      | Found a runed translucent door.
  2573 | D:4      | Reached XP level 5. HP: 37/43 MP: 5/5
  2578 | D:4      | Found a glowing drain.
  2601 | D:4      | Reached skill level 5 in Fighting
  2611 | Sewer    | Entered a sewer
  3112 | Sewer    | Noticed a malarious merfolk avatar
  3135 | Sewer    | Killed a malarious merfolk avatar
  3136 | Sewer    | Reached XP level 6. HP: 51/51 MP: 6/6
  3615 | D:4      | Found a radiant altar of Vehumet.
  4204 | D:5      | Entered Level 5 of the Dungeon
  4248 | D:5      | Reached XP level 7. HP: 56/59 MP: 7/7
  5017 | D:6      | Noticed a wraith
  5027 | D:6      | Killed a wraith
  5028 | D:6      | Reached XP level 8. HP: 61/68 MP: 8/8
  5038 | D:6      | Noticed a shadow
  5055 | D:6      | Killed a shadow
  5179 | D:6      | Reached skill level 10 in Polearms
  5547 | D:7      | Noticed Pikel
  5561 | D:7      | Killed Pikel
  5562 | D:7      | Reached XP level 9. HP: 63/77 MP: 9/9
  5644 | D:7      | Found a staircase to the Ecumenical Temple.
  5827 | D:7      | Reached skill level 10 in Fighting
  6458 | Temple   | Entered the Ecumenical Temple
  6845 | Temple   | Became a worshipper of Yredelemnul the Dark
  6845 | Temple   | Reached * piety under Yredelemnul
  6845 | Temple   | Reached ** piety under Yredelemnul
  7211 | D:8      | Reached XP level 10. HP: 87/88 MP: 10/10
  7501 | D:9      | Noticed a gargoyle
  7516 | D:9      | Killed a gargoyle
  7626 | D:9      | Noticed Erolcha
  7643 | D:9      | Killed Erolcha
  7686 | D:9      | Identified the +2 robe of Indestructible Beauty {Harm rF-
                  | Slay+5 SInv}
  7827 | D:9      | Reached *** piety under Yredelemnul
  7849 | D:9      | Reached **** piety under Yredelemnul
  7852 | D:9      | Reached ***** piety under Yredelemnul
  8591 | D:9      | Reached skill level 1 in Armour
  8591 | D:9      | Reached XP level 11. HP: 85/98 MP: 11/11
  8613 | D:9      | Reached skill level 5 in Dodging
  8870 | D:10     | Entered Level 10 of the Dungeon
  8945 | D:10     | Identified the +0 ring mail of the Lute {+Blink rF- Will+
                  | rCorr}
  8997 | D:10     | Identified the +10 lajatang of Reinforcement {vorpal, rCorr
                  | Str+2 Dex+4}
  9262 | D:10     | Noticed a two-headed ogre
  9267 | D:10     | Killed a two-headed ogre
  9497 | D:10     | Noticed a two-headed ogre
  9506 | D:10     | Killed a two-headed ogre
  9744 | D:10     | Found a staircase to the Orcish Mines.
  9880 | D:10     | Gained mutation: Your flesh is heat resistant. (rF+)
                  | [potion of mutation]
  9880 | D:10     | Gained mutation: You possess an exceptional clarity of
                  | mind. [potion of mutation]
  9943 | D:11     | Noticed a boulder beetle
  9965 | D:11     | Slain by a boulder beetle

Illustrated notes

Levels and vault maps discovered:
D:1:      lemuel_arrival_hallway, layout_rooms,
          hellmonk_ecumenical_altar_blasted
D:2:      minmay_angry_zag, layout_loops_ring, bh_walls_and_bars
D:3:      layout_loops_cross, ebering_ghost_sewer_f, minmay_starry_boxes
D:4:      layout_loops_ring, lemuel_round_altar, gup_sewer_entry_glass,
          kennysheep_cross_bottleneck, serial_bayou_pond_e, st_stairs_14,
          minmay_fire_ice_demons
D:5:      layout_basic
D:6:      minmay_cornered_nines, layout_basic
D:7:      layout_basic, minmay_temple_entry_wispy, uniq_pikel
D:8:      layout_basic
D:9:      layout_roguey, uniq_erolcha
D:10:     layout_loops_ring, david_orc_5
D:11:     minmay_the_grid_3x3 [minmay_the_grid_gridbox,
          minmay_the_grid_minigrid_medium, minmay_the_grid_box_x,
          minmay_the_grid_paths, minmay_the_grid_doors, minmay_the_grid_x,
          minmay_the_grid_odd_star, minmay_the_grid_spikes,
          minmay_the_grid_prize_four_corners_diamond_a], layout_rooms,
          erik_lair_orcish_takeover, minmay_tree_intersection
Temple:   mainiacjoe_temple_trianglar_array

Skill      XL: |  1  2  3  4  5  6  7  8  9 10 11 |
---------------+----------------------------------+-----
Fighting       | 4 5 6 7 9 11 13 14 | 14.2
Polearms       | 5 6 7 9 11 13 14 | 14.9
Armour         | 1 3 |  3.0
Dodging        | 6 |  6.9
Stealth        | |  2.1

Action                   |  1- 3 |  4- 6 |  7- 9 | 10-12 || total
-------------------------+-------+-------+-------+-------++-------
Melee: Spear             |   151 |    65 |       |       ||   216
       Punch             |     2 |       |     4 |       ||     6
       Scythe            |       |   186 |       |       ||   186
       Tailslap          |       |     8 |       |       ||     8
       Trident           |       |    25 |   275 |   139 ||   439
       Lajatang          |       |       |       |    77 ||    77
  Use: Potion            |     1 |     2 |     1 |     4 ||     8
       Scroll            |     3 |     6 |     4 |     2 ||    15
 Stab: Sleeping          |     5 |     4 |     7 |     2 ||    18
       Distracted        |     1 |       |     1 |       ||     2
Armor: Robe              |    12 |       |       |     3 ||    15
       Ring mail         |     1 |    81 |       |       ||    82
       Troll leather arm |       |       |    17 |    11 ||    28
Dodge: Dodged            |   108 |   294 |   152 |   102 ||   656
       Repelled          |       |     1 |     7 |     1 ||     9

Table legend: (Time is in decaauts)
 A = Elapsed time spent in this place.
 B = Non-inter-level travel time spent in this place.
 C = Inter-level travel time spent in this place.
 D = Time resting spent in this place.
 E = Time spent auto-exploring this place.
 F = Levels seen in this place.
 G = Mean time per level.
                   A        B        C        D        E       F      G
               +--------+--------+--------+--------+--------+-----+--------+
         Total |   9844 |   9428 |    416 |      0 |   7461 |  13 |  757.2 |
       Dungeon |   8736 |   8366 |    370 |      0 |   6688 |  11 |  794.2 |
        Temple |    416 |    370 |     46 |      0 |    364 |   1 |  416.0 |
         Sewer |    691 |    691 |      0 |      0 |    408 |   1 |  691.0 |
               +--------+--------+--------+--------+--------+-----+--------+

Top non-repeatable levels by time:
     D:9: 1424 daAuts
     D:4: 1065 daAuts
    D:10: 1046 daAuts
     D:2: 1021 daAuts
     D:3: 897 daAuts
     D:6: 840 daAuts
   Sewer: 691 daAuts
     D:5: 674 daAuts
     D:7: 660 daAuts
     D:1: 573 daAuts
     D:8: 478 daAuts
  Temple: 416 daAuts
    D:11: 51 daAuts
